 Dungeon Crawl Stone Soup version 0.29.1-2-gbd0b4ee654 (webtiles) character file.

Game seed: 11860678999971157957

6070 shoresy the Cleaver (level 10, 0/91 HPs)
             Began as a Minotaur Fighter on Oct 30, 2022.
             Was a Believer of Ashenzari.
             Slain by a bullfrog (4 damage)
             ... on level 8 of the Dungeon on Oct 31, 2022.
             The game lasted 01:46:03 (11063 turns).

shoresy the Cleaver (Minotaur Fighter)             Turns: 11063, Time: 01:46:04

Health: 0/91       AC: 19    Str: 26    XL:     10   Next: 57%
Magic:  9/9        EV:  6    Int:  5    God:    Ashenzari [**....]
Gold:   384        SH: 12    Dex: 15    Spells: 9/9 levels left

rFire   . . .      SeeInvis +   a - +0 war axe
rCold   . . .      Faith    .   Z - +0 kite shield
rNeg    . . .      Spirit   .   z - +1 plate armour
rPois   .          Reflect  .   (helmet restricted)
rElec   .          Harm     .   e - +0 cloak
rCorr   .          Rampage  .   x - +1 pair of gloves of Ashenzari's Sorrow {Comp, Melee} (curse)
Will    +....                   (no boots)
Stlth   ..........              (no amulet)
HPRegen 0.25/turn               P - ring of Ashenzari's Chagrin {Dex+6, Melee, Alch} (curse)
MPRegen 0.11/turn               o - ring "Cryptic Dissatisfaction" {Will+, Elem, Fort} (curse)

@: no status effects
A: horns 2, retaliatory headbutt
a: Renounce Religion, Shatter the Chains


You were on level 8 of the Dungeon.
You worshipped Ashenzari.
Ashenzari was pleased with you.
You visited 2 branches of the dungeon, and saw 9 of its levels.

You collected 384 gold pieces.

Inventory:

Hand Weapons
 a - a +0 war axe (weapon)
 f - a +0 sling
 m - a +0 shortbow
 t - a +2 quarterstaff of chaos
 B - a +0 broad axe
 K - a +1 vampiric spear
Missiles
 g - 49 stones (quivered)
 r - a throwing net
 y - 12 poisoned darts
 R - 3 boomerangs of dispersal
Armour
 b - a +0 scale mail
 e - a +0 cloak (worn)
 x - the cursed +1 pair of gloves of Ashenzari's Sorrow (worn) {Comp, Melee}
   (You found it on level 1 of the Dungeon)

   It has a curse which improves the following skills: Companions: Summonings
   and Necromancy.
   Melee Combat: Short Blades, Long Blades, Axes, Maces & Flails, Polearms,
   Staves and Unarmed Combat.
 z - a +1 plate armour (worn)
 G - +0 steam dragon scales
 U - a +2 chain mail of poison resistance
 Z - a +0 kite shield (worn)
Magical Staves
 S - a staff of conjuration
Jewellery
 o - the cursed ring "Cryptic Dissatisfaction" (right hand) {Will+, Elem, Fort}
   (You found it on level 5 of the Dungeon)

   [ring of willpower]

   Will:      It increases your willpower.
   It has a curse which improves the following skills: Elements: Fire Magic, Ice
   Magic, Air Magic and Earth Magic.
   Fortitude: Armour and Shields.
 I - a ring of poison resistance
 M - a ring of flight
 P - the cursed ring of Ashenzari's Chagrin (left hand) {Dex+6, Melee, Alch}
   (You found it on level 4 of the Dungeon)

   [ring of dexterity]

   Dex:       It affects your dexterity (+6).
   It has a curse which improves the following skills: Melee Combat: Short
   Blades, Long Blades, Axes, Maces & Flails, Polearms, Staves and Unarmed
   Combat.
   Alchemy:   Poison Magic and Transmutations.
Wands
 p - a wand of digging (4)
 q - a wand of charming (16)
 E - a wand of flame (28)
 F - a wand of polymorph (1)
 Y - a wand of quicksilver (7)
Scrolls
 h - 2 scrolls of fog
 j - a scroll of fear
 k - 2 scrolls of immolation
 l - 3 scrolls of amnesia
 n - a scroll of poison
 u - a scroll of brand weapon
 v - a scroll of silence
 w - 4 scrolls of identify
 A - 2 scrolls of noise
 D - a scroll of vulnerability
 J - a scroll of blinking
 N - a scroll of enchant weapon
 T - 2 scrolls of acquirement
Potions
 c - a potion of attraction
 d - 3 potions of might
 i - 2 potions of flight
 s - 6 potions of mutation
 C - a potion of brilliance
 H - a potion of degeneration
 L - a potion of haste
 O - 2 potions of curing
 V - a potion of ambrosia
 W - a potion of lignification


   Skills:
 + Level 9.4 Fighting
 * Level 12.1(13.9) Axes
 + Level 9.5(10.7) Armour
 + Level 9.5(10.7) Shields


You had 9 spell levels left.
You didn't know any spells.
Your spell library contained the following spells:

 Spells                   Type           Power      Damage    Failure   Level
 Foxfire                  Conj/Fire      0%         2x1d4     100%        1
 Necrotise                Necr           0%         1d4       100%        1
 Summon Small Mammal      Summ           0%         N/A       100%        1
 Poisonous Vapours        Pois/Air       0%         N/A       100%        2
 Sublimation of Blood     Necr           0%         N/A       100%        2
 Wereblood                Tmut           0%         N/A       100%        2
 Call Canine Familiar     Summ           0%         N/A       100%        3
 Conjure Flame            Conj/Fire      0%         6-21      100%        3
 Inner Flame              Hex/Fire       0%         N/A       100%        3
 Summon Guardian Golem    Hex/Summ       0%         N/A       100%        3
 Vampiric Draining        Necr           0%         2d6       100%        3
 Animate Dead             Necr           0%         N/A       100%        4
 Corpse Rot               Necr/Pois/Air  0%         N/A       100%        4
 Flame Wave               Conj/Fire      0%         2d4       100%        4
 Agony                    Necr           0%         N/A       100%        5
 Borgnjor's Vile Clutch   Necr/Erth      0%         N/A       100%        5
 Death Channel            Necr           0%         N/A       100%        6
 Summon Hydra             Summ           0%         N/A       100%        7


Dungeon Overview and Level Annotations

Branches:
Dungeon (8/15)             Temple (1/1) D:4            Lair (0/5) D:8

Altars:
Ashenzari
Cheibriados
Dithmenos
Elyvilon
Fedhas
Gozag
Hepliaklqana
Makhleb
Nemelex Xobeh
Okawaru
Qazlal
Ru
Sif Muna
Trog
Uskayaw
Vehumet
Wu Jian
Xom
Yredelemnul
Zin
The Shining One

Shops:
D:1 [   D:8 [

Annotations:
D:8 Pikel


Innate Abilities, Weirdness & Mutations

You have a pair of horns on your head.
You reflexively headbutt those who attack you in melee.


Message History

You block the black bear's attack. x2
The black bear attacks as you move away!
The black bear bites you but does no damage.
You block the black bear's attack.
The black bear claws you but does no damage.
The gnoll barely misses you. You block the gnoll's attack.
You block the orc wizard's attack.
You slash the orc!
You kill the orc!
You hit the black bear. You slash the gnoll! You slash the orc wizard!
The gnoll hits you but does no damage.
The orc wizard hits you but does no damage.
Pikel cracks his whip.
You block the black bear's attack. The black bear barely misses you.
The black bear claws you but does no damage.
You block the gnoll's attack.
You block the water moccasin's attack. x2
The black bear bites you but does no damage.
The black bear barely misses you.
The black bear claws you but does no damage.
The gnoll hits you but does no damage.
The black bear attacks as you move away!
The black bear barely misses you. You block the black bear's attack.
The black bear claws you but does no damage.
You block the water moccasin's attack. You block the gnoll's attack.
The gnoll attacks as you move away! The gnoll hits you with a +0 club.
* * * LOW HITPOINT WARNING * * *
You block the gnoll's attack.
The water moccasin completely misses you.
The water moccasin attacks as you move away!
The water moccasin bites you but does no damage.
You block the gnoll's attack.
The water moccasin attacks as you move away!
The water moccasin bites you.
* * * LOW HITPOINT WARNING * * *
The water moccasin bites you but does no damage.
The gnoll shouts!
The water moccasin bites you but does no damage.
The bullfrog hits you.
You die...

,* #.###.# , *
###....... * *
###......... *
###...........
#............. ###
##.............
..###
#P............. ,
<...#
#FSo..K........
###'###
#@gh..5)...>...
..∩...#
#...g...........
......+ *
#...P...........
...[..# , *#
#...............,,,
[.....# * ,
...##............
......# * ##.#
#.P...........
[.....####
#.####............
.........#
#g..####......... ,
########.# #..# *
.....,*


You could see Pikel, a water moccasin, a black bear, a lemure, a bullfrog, an
orc wizard and 3 gnolls.

Vanquished Creatures
  A two-headed ogre (D:8)
  A deep elf pyromancer (D:7)
  Joseph (D:7)
  Maggie (D:6)
  A slime creature (D:7)
  Sigmund (D:6)
  A yak (D:8)
  Eustachio (D:5)
  Grum (D:8)
  A vampire mosquito (D:7)
  2 water moccasins (D:8)
  3 black bears
  3 orc warriors
  An ice beast (D:7)
  A sky beast (D:6)
  2 ogres
  3 wolves (D:8)
  3 centaurs
  3 lemures (D:8)
  2 bullfrogs
  4 scorpions
  2 necrophages (D:6)
  2 gnoll sergeants (D:8)
  3 howler monkeys
  2 jellies (D:5)
  Crazy Yiuf (D:6)
  4 orc priests
  A gnoll bouda (D:7)
  6 hounds
  3 iguanas
  6 orc wizards
  Natasha (thrice) (D:2)
  The ghost of lotum the Chiller, a weakling DsIE (D:3)
  Robin (D:2)
  23 gnolls
  14 adders
  A river rat (D:3)
  2 shadow imps
  A worm (D:3)
  A dart slug (D:3)
  23 orcs
  9 ball pythons
  9 endoplasms
  7 giant cockroaches
  12 goblins
  13 hobgoblins
  2 jackals (D:5)
  4 quokkas
  4 bats
  4 frilled lizards
  8 kobolds
  6 rats
  3 bushes (D:1)
  A butterfly (Temple)
219 creatures vanquished.

Vanquished Creatures (others)
  46 fungi (D:8)
  71 plants
  2 withered plants (D:7)
119 creatures vanquished.

Grand Total: 338 creatures vanquished

Notes
Turn   | Place    | Note
-------+----------+-------------------------------------------
     0 | D:1      | shoresy the Minotaur Fighter began the quest for the Orb.
     0 | D:1      | Reached XP level 1. HP: 19/19 MP: 0/0
    55 | D:2      | Reached XP level 2. HP: 17/27 MP: 1/1
    74 | D:2      | HP: 1/27 [gnoll/+0 flail (4)]
    76 | D:2      | Reached skill level 3 in Axes
    76 | D:2      | Reached XP level 3. HP: 2/33 MP: 2/2
   459 | D:1      | Found Vim Beoff's Antique Armour Shoppe.
   559 | D:1      | Found a faded altar of an unknown god.
   584 | D:1      | Prayed at the altar of an unknown god.
   584 | D:1      | Became a worshipper of Ashenzari the Shackled
  1259 | D:2      | Reached XP level 4. HP: 38/40 MP: 3/3
  2201 | D:2      | Noticed Natasha
  2209 | D:2      | Killed Natasha
  2210 | D:2      | Reached XP level 5. HP: 47/47 MP: 4/4
  2228 | D:2      | Noticed Robin
  2250 | D:2      | Killed Robin
  2277 | D:2      | Identified the cursed +1 chain mail "Bound Henotheism"
                  | {rC+, Melee, Alch} (You found it on level 1 of the Dungeon)
  2364 | D:2      | Noticed Natasha
  2376 | D:2      | Killed Natasha
  2377 | D:2      | Reached skill level 4 in Axes
  2510 | D:2      | Noticed Natasha
  2522 | D:2      | Killed Natasha
  2812 | D:3      | Reached skill level 5 in Fighting
  3378 | D:3      | Reached * piety under Ashenzari
  3601 | D:3      | Reached skill level 5 in Armour
  3610 | D:3      | Reached skill level 5 in Shields
  3674 | D:3      | Found a runed translucent door.
  3690 | D:3      | Found a runed translucent door.
  3692 | D:3      | Noticed lotum's ghost (weakling DsIE)
  3714 | D:3      | Killed lotum's ghost
  3717 | D:3      | Reached XP level 6. HP: 41/56 MP: 5/5
  4065 | D:3      | Reached ** piety under Ashenzari
  4150 | D:4      | Found a staircase to the Ecumenical Temple.
  4194 | Temple   | Entered the Ecumenical Temple
  4509 | D:5      | Entered Level 5 of the Dungeon
  4597 | D:4      | Found an iron altar of Okawaru.
  4645 | D:4      | Reached skill level 5 in Axes
  4719 | D:4      | Reached XP level 7. HP: 56/61 MP: 6/6
  4831 | D:4      | Found a stormy altar of Qazlal.
  4831 | D:4      | Found a sparkling altar of Nemelex Xobeh.
  5053 | D:4      | Found a snail-covered altar of Cheibriados.
  5462 | D:4      | Found a burning altar of Makhleb.
  5815 | D:4      | Found a bloodstained altar of Trog.
  6002 | D:4      | Found a radiant altar of Vehumet.
  6150 | D:5      | Identified a scroll of acquirement
  6239 | D:5      | Reached skill level 6 in Axes
  6811 | D:5      | Found a shimmering altar of Xom.
  7010 | D:5      | Reached XP level 8. HP: 59/70 MP: 7/7
  7107 | D:5      | Noticed Eustachio
  7177 | D:5      | Killed Eustachio
  7178 | D:5      | Reached skill level 7 in Axes
  7713 | D:6      | Reached skill level 8 in Axes
  8244 | D:6      | Noticed Maggie
  8273 | D:6      | Killed Maggie
  8274 | D:6      | Reached XP level 9. HP: 34/79 MP: 8/8
  8442 | D:6      | Reached skill level 9 in Axes
  8647 | D:7      | Found a basalt altar of Yredelemnul.
  8682 | D:7      | Noticed Joseph
  8705 | D:7      | Killed Joseph
  8903 | D:6      | Noticed Sigmund
  8912 | D:6      | Killed Sigmund
  8947 | D:6      | Reached skill level 10 in Axes
  9110 | D:6      | Found a runed translucent door.
  9113 | D:6      | Noticed Crazy Yiuf
  9218 | D:6      | Killed Crazy Yiuf
 10245 | D:7      | Noticed a deep elf pyromancer
 10251 | D:7      | Killed a deep elf pyromancer
 10252 | D:7      | Reached skill level 11 in Axes
 10252 | D:7      | Reached XP level 10. HP: 90/90 MP: 9/9
 10483 | D:8      | Noticed Grum
 10483 | D:8      | Found Yplyoth's Armour Emporium.
 10494 | D:8      | Killed Grum
 11000 | D:8      | Noticed a two-headed ogre
 11021 | D:8      | Killed a two-headed ogre
 11039 | D:8      | Reached skill level 12 in Axes
 11053 | D:8      | Found a staircase to the Lair.
 11053 | D:8      | Noticed Pikel
 11062 | D:8      | HP: 4/91 [water moccasin (5)]
 11063 | D:8      | Slain by a bullfrog

Illustrated notes

Levels and vault maps discovered:
D:1:      shiori_arrival_elements, layout_basic,
          hellmonk_ecumenical_altar_blasted, serial_forest,
          infiniplex_forest_straight_2, infiniplex_forest_lined_room_3,
          infiniplex_forest_corner_1, infiniplex_forest_clump_double,
          infiniplex_forest_lined_2, infiniplex_forest_end_1,
          infiniplex_forest_lined_4_way, serial_shops, shop,
          minmay_close_crescents
D:2:      layout_loops_ring, uniq_robin, uniq_natasha
D:3:      layout_basic, ebering_ghost_sewer_f
D:4:      layout_loops_corners, nicolae_overflow_hidden_temple,
          nicolae_overflow_crystal_walls, kennysheep_okawaru_gauntlet,
          minmay_temple_entry_butterflies
D:5:      layout_gridville, mainiacjoe_overflow_alcove_2, grunt_ministairs_15,
          uniq_eustachio
D:6:      layout_cave_pools, uniq_crazy_yiuf_cottage, uniq_sigmund, uniq_maggie
D:7:      minmay_chambers_of_sixes, layout_loops_ring,
          yredelemnul_altar_generic, uniq_joseph
D:8:      layout_basic, due_lair_maze_entry_diamond, serial_shops, shop,
          amcnicky_mini_pool_medium, uniq_erica, uniq_grum, uniq_pikel
Temple:   nicolae_temple_godzebo

Skill      XL: |  1  2  3  4  5  6  7  8  9 10 |
---------------+-------------------------------+-----
Fighting       | 4 5 6 7 8 9 |  9.4
Armour         | 4 5 6 7 8 9 |  9.5
Axes           | 3 4 5 6 8 11 12 | 12.1
Shields        | 4 5 6 7 8 9 |  9.5

Action                   |  1- 3 |  4- 6 |  7- 9 | 10-12 || total
-------------------------+-------+-------+-------+-------++-------
Melee: War axe           |    66 |   273 |   245 |    88 ||   672
       Headbutt          |     6 |    63 |    46 |    15 ||   130
       Unarmed           |       |     6 |       |       ||     6
 Fire: Sling             |       |     4 |       |       ||     4
Invok: Curse Item        |       |     3 |     1 |       ||     4
       Shatter the Chain |       |       |     1 |       ||     1
Evoke: Wand              |       |     1 |       |       ||     1
  Use: Scroll            |       |       |     1 |     1 ||     2
       Potion            |       |       |       |     2 ||     2
Armor: Scale mail        |    23 |       |       |       ||    23
       Chain mail        |    24 |    98 |   205 |       ||   327
       Plate armour      |       |       |    20 |    68 ||    88
Dodge: Dodged            |    38 |    68 |   140 |    32 ||   278
Block: Buckler           |    18 |    46 |   106 |       ||   170
       Kite shield       |       |       |       |    78 ||    78
